 Dungeon Crawl Stone Soup version 0.26-a0-54-g15ccc7a (webtiles) character file.

Game seed: 5316539478824279759

8311 BlueFish the Grappler (level 11, -3/72 HPs)
             Began as an Octopode Warper on June 7, 2020.
             Was an Elder of Cheibriados.
             Slain by a wraith (13 damage)
             ... on level 10 of the Dungeon.
             The game lasted 00:36:39 (11562 turns).

BlueFish the Grappler (Octopode Warper)            Turns: 11562, Time: 00:36:40

Health: -3/72      AC:  3    Str: 24    XL:     11   Next: 28%
Magic:  5/17       EV: 18    Int: 34    God:    Cheibriados [****..]
Gold:   656        SH:  0    Dex: 22    Spells: 9/19 levels left

rFire    . . .     SeeInvis .     - Unarmed
rCold    . . .     Gourm    .   (no shield)
rNeg     . . .     Faith    .   b - +2 hat {Int+3}
rPois    .         Spirit   .   i - amulet of the acrobat
rElec    .         Reflect  .   J - +6 ring of intelligence
rCorr    .         Harm     .   (no ring)
MR       .....                  (no ring)
Stlth    +++++.....             (no ring)
HPRegen  0.22/turn              (no ring)
MPRegen  0.15/turn              (no ring)
                                (no ring)
                                (no ring)

@: shrouded, slowed, lightly drained, very slow
A: almost no armour, stealthy swim, amphibious, 8 rings, constrict 8, camouflage
1, gelatinous body 1
a: Bend Time, Temporal Distortion, Slouch, Renounce Religion


You were on level 10 of the Dungeon.
You worshipped Cheibriados.
Cheibriados was greatly pleased with you.
You were hungry.

You visited 2 branches of the dungeon, and saw 11 of its levels.

You collected 656 gold pieces.

Inventory:

Hand Weapons
 y - a +1 falchion of distortion
 A - a +2 scimitar of flaming
 L - a +2 halberd of flaming
Missiles
 c - 73 poisoned darts
 l - 191 arrows
 m - 298 stones (quivered)
 o - 3 javelins
 r - a throwing net
 D - 2 boomerangs
 E - a boomerang of dispersal
Armour
 b - a +2 hat of intelligence (worn)
Jewellery
 i - an amulet of the acrobat (around mantle)
 J - a +6 ring of intelligence (left tentacle)
Wands
 q - a wand of digging (6)
 F - a wand of flame (5)
Scrolls
 f - 7 scrolls of remove curse
 n - 2 scrolls of magic mapping
 t - 2 scrolls of teleportation
 v - 4 scrolls of fog
 z - a scroll of blinking
 C - a scroll of amnesia {unknown}
 G - 2 scrolls of fear
 H - a scroll of identify
 I - a scroll of torment {unknown}
Potions
 a - a potion of lignification {unknown}
 e - 2 potions of cancellation
 g - a potion of flight
 h - 3 potions of resistance {unknown}
 j - 3 potions of stabbing
 k - a potion of brilliance {unknown}
 p - a potion of haste {unknown}
 s - 2 potions of heal wounds {unknown}
 u - 3 potions of mutation {unknown}
 w - 2 potions of curing
 x - a potion of might
 B - 3 potions of degeneration {unknown}
Comestibles
 d - 20 rations
 K - a chunk of flesh


   Skills:
 * Level 5.6(5.1) Fighting
 * Level 5.6(5.1) Throwing
 * Level 6.4(5.9) Dodging
 * Level 8.3(7.7) Stealth
 * Level 9.0(8.5) Unarmed Combat
 + Level 4.5(4.0) Spellcasting
 + Level 3.1(2.7) Charms
 * Level 6.6(6.1) Translocations
 * Level 5.1(4.6) Invocations


You had 9 spell levels left.
You knew the following spells:

 Your Spells              Type           Power        Failure   Level  Hunger
a - Shroud of Golubria    Chrm/Tloc      #####.       1%          2    None
b - Blink                 Tloc           N/A          1%          2    None
c - Lesser Beckoning      Tloc           #####.....   1%          3    #......
d - Teleport Other        Tloc           #####...     1%          3    #......

Your spell library contained the following spells:

 Spells                   Type           Power        Failure   Level  Hunger
 Gell's Gravitas          Tloc           #####.....   1%          3    #......
 Passage of Golubria      Tloc           N/A          4%          4    ###....
 Poisonous Vapours        Pois/Air       #.....       8%          2    None
 Sticks to Snakes         Tmut           #.......     8%          2    None
 Conjure Flame            Conj/Fire      #.......     14%         3    #......
 Ignite Poison            Fire/Tmut/Pois #.......     14%         3    #......
 Mephitic Cloud           Conj/Pois/Air  #.......     14%         3    #......
 Yara's Violent Unravell  Hex/Tmut       #.........   80%         5    #####..
 Freezing Cloud           Conj/Ice/Air   #.........   100%        6    ######.
 Hydra Form               Tmut           #.........   100%        6    ######.
 Ring of Flames           Chrm/Fire      ###.......   100%        7    #######
 Chain Lightning          Conj/Air       #.........   100%        8    #######
 Lehudib's Crystal Spear  Conj/Erth      #.........   100%        8    #######
 Absolute Zero            Ice            #.........   100%        9    #######
 Fire Storm               Conj/Fire      #.........   100%        9    #######


Dungeon Overview and Level Annotations

Branches:
Dungeon (10/15)            Temple (1/1) D:5
   Lair: D:8-11         Orc: D:9-12

Altars:
Cheibriados
Elyvilon
Hepliaklqana
Kikubaaqudgha
Makhleb
Nemelex Xobeh
Okawaru
Sif Muna
Wu Jian
Yredelemnul

Shops:
D:6 =

Annotations:
D:8 centaur warrior vault, exclusion: 2 doors


Innate Abilities, Weirdness & Mutations

You cannot wear most types of armour.
You are very stealthy in the water. (Stealth+)
You are amphibious.
You can wear up to eight rings at the same time.
You can use your tentacles to constrict eight enemies at once.
Your skin changes colour to match your surroundings (Stealth+).
Your rubbery body absorbs attacks. (AC +1, EV +1)


Message History

The wraith hits you!
* * * LOW HITPOINT WARNING * * *
The wraith drains your vigour!
You feel yourself slow down.
Your shroud falls apart!
Casting: Shroud of Golubria (safe; 1% risk of failure)
Confirm with . or Enter, or press ? or * to list all spells.
Space distorts slightly along a thin shroud covering your body.
The wraith misses you. The wraith hits you!
* * * LOW HITPOINT WARNING * * *
You tentacle-slap the wraith.
Your tentacle-slap misses the wraith.
The wraith is heavily damaged.
The wraith misses you.
You tentacle-slap the wraith.
The wraith is severely damaged.
The wraith barely misses you.
You barely miss the wraith.
You tentacle-slap the wraith, but do no damage.
The wraith is severely damaged.
The wraith hits you!
You die...

#.....#... #......#
#.....#... #......
#.....#... #......#
#.###.#...
#......####.###.#... .#.
#....#.#....))..#...
.'..#....#.#####)##.'...
#..'....#........#.#...
##..@)#..#...#.#.#..)
......)W)#........###...
.........).#'##...# #...
...........#..#.#.# #..#
...........####...+ #...
........##+# ##### #...
........# #..# ........#
#... ... ... # #...


You could see a wraith.

Vanquished Creatures
  Gastronok (D:8)
  Erica (D:8)
  Maggie (D:9)
  A hornet (D:9)
  2 hippogriffs
  2 wyverns (D:8)
  Eustachio (D:5)
  Duvessa (D:6)
  3 orc warriors
  2 ice beasts
  2 sky beasts
  2 black bears (D:6)
  4 ogres
  3 phantoms
  6 centaurs
  A big kobold (D:8)
  6 bullfrogs
  A wyvern zombie (D:9)
  A scorpion (D:6)
  Dowan (D:6)
  3 killer bees (D:9)
  5 howler monkeys
  14 wights
  2 crimson imps
  3 hounds
  A quasit (D:7)
  5 orc priests
  2 bullfrog skeletons
  3 jellies
  A centaur skeleton (D:6)
  Ijyb (D:3)
  7 iguanas
  5 orc wizards
  Natasha (D:3)
  8 worker ants
  2 hound skeletons
  A worker ant zombie (D:6)
  A howler monkey skeleton (D:6)
  12 adders
  3 oozes
  An adder zombie (D:5)
  2 worms
  2 dart slugs (D:2)
  4 leopard geckos
  37 orcs
  2 giant cockroaches
  4 goblins
  9 hobgoblins
  8 jackals
  6 kobolds
  4 quokkas
  12 bats
  2 frilled lizards (D:1)
  A leopard gecko skeleton (D:4)
  A leopard gecko zombie (D:6)
  A quokka skeleton (D:8)
  2 quokka zombies
  14 rats
234 creatures vanquished.

Notes
Turn   | Place    | Note
-------+----------+-------------------------------------------
     0 | D:1      | BlueFish the Octopode Warper began the quest for the Orb.
     0 | D:1      | Reached XP level 1. HP: 14/14 MP: 3/3
   258 | D:1      | Reached XP level 2. HP: 18/19 MP: 5/5
   262 | D:1      | Learned a level 2 spell: Shroud of Golubria
   265 | D:1      | Learned a level 2 spell: Blink
   960 | D:2      | Found a faded altar of an unknown god.
  1244 | D:2      | Reached XP level 3. HP: 24/24 MP: 6/6
  1323 | D:2      | Reached skill level 3 in Unarmed Combat
  1351 | D:2      | Reached skill level 1 in Stealth
  1432 | D:2      | Found a basalt altar of Yredelemnul.
  1495 | D:2      | Reached XP level 4. HP: 27/29 MP: 7/7
  1500 | D:2      | Learned a level 3 spell: Lesser Beckoning
  2375 | D:3      | Noticed Ijyb
  2385 | D:3      | Killed Ijyb
  2385 | D:3      | Reached XP level 5. HP: 33/34 MP: 5/8
  2891 | D:3      | Noticed Natasha
  2903 | D:3      | Killed Natasha
  3166 | D:4      | Reached XP level 6. HP: 38/40 MP: 6/9
  3201 | D:4      | Reached skill level 4 in Unarmed Combat
  3777 | D:4      | Noticed a hippogriff
  4341 | D:4      | Found a burning altar of Makhleb.
  4362 | D:5      | Entered Level 5 of the Dungeon
  4362 | D:5      | Noticed Eustachio
  4380 | D:5      | Killed Eustachio
  4380 | D:5      | Reached XP level 7. HP: 45/45 MP: 3/10
  4522 | D:5      | Noticed a troll
  5004 | D:5      | Reached skill level 5 in Unarmed Combat
  5097 | D:5      | Found a staircase to the Ecumenical Temple.
  5114 | D:5      | Reached skill level 1 in Charms
  5288 | Temple   | Entered the Ecumenical Temple
  5295 | Temple   | Became a worshipper of Cheibriados the Contemplative
  5541 | D:6      | Reached XP level 8. HP: 52/52 MP: 9/12
  5728 | D:6      | Found a shimmering blue altar of Sif Muna.
  5777 | D:6      | Reached skill level 1 in Invocations
  6023 | D:6      | Noticed Dowan
  6026 | D:6      | Noticed Duvessa
  6033 | D:6      | Killed Dowan
  6061 | D:6      | Killed Duvessa
  6061 | D:6      | Reached skill level 5 in Stealth
  6287 | D:6      | Reached * piety under Cheibriados
  6313 | D:6      | Reached skill level 6 in Unarmed Combat
  6451 | D:6      | Reached XP level 9. HP: 42/58 MP: 8/13
  6546 | D:6      | Found Ehenuf's Jewellery Shop.
  6892 | D:6      | Reached skill level 5 in Translocations
  7367 | D:7      | Reached skill level 5 in Dodging
  7784 | D:7      | Reached skill level 7 in Unarmed Combat
  7791 | D:7      | Reached ** piety under Cheibriados
  7881 | D:7      | Found a hazy altar of Hepliaklqana.
  7886 | D:7      | Found a basalt altar of Yredelemnul.
  8086 | D:8      | Noticed Erica
  8114 | D:8      | Killed Erica
  8114 | D:8      | Reached XP level 10. HP: 50/65 MP: 13/15
  8518 | D:8      | Reached skill level 8 in Unarmed Combat
  8683 | D:8      | Reached *** piety under Cheibriados
  8965 | D:8      | HP: 2/65 [ice beast (14)]
  9269 | D:8      | Noticed Gastronok
  9287 | D:8      | Found a snail-covered altar of Cheibriados.
  9376 | D:8      | Killed Gastronok
  9376 | D:8      | Reached skill level 5 in Fighting
  9376 | D:8      | Reached skill level 5 in Throwing
  9966 | D:8      | Noticed a centaur warrior
  9978 | D:8      | Noticed a centaur warrior
 10272 | D:9      | Reached XP level 11. HP: 61/72 MP: 15/17
 10335 | D:9      | Reached **** piety under Cheibriados
 10468 | D:9      | Noticed Maggie
 10713 | D:9      | Identified the Papyrus of Orientation and Transformation
 10719 | D:9      | Learned a level 3 spell: Teleport Other
 10973 | D:9      | Killed Maggie
 11280 | D:10     | Entered Level 10 of the Dungeon
 11436 | D:10     | Reached skill level 5 in Invocations
 11475 | D:10     | Reached skill level 9 in Unarmed Combat
 11562 | D:10     | Slain by a wraith

Illustrated notes

Levels and vault maps discovered:
D:1:      scummos_arrival_hexagon, layout_loops_corners
D:2:      layout_loops_ring, chequers_ecumenical_altar_island,
          roderic_roman_lattice, minmay_crystal_water, yredelemnul_altar_generic
D:3:      layout_basic, first_ration, roderic_batcave, uniq_ijyb, uniq_natasha
D:4:      layout_basic, lemuel_round_altar
D:5:      layout_cave_pools, minmay_temple_entry_arrows,
          chequers_serial_rivers_micro_d, minmay_misc_feat_chi, minmay_between,
          uniq_eustachio
D:6:      layout_loops_ring, marbit_many_paths, serial_shops,
          kennysheep_mini_moat, uniq_duvessa
D:7:      layout_gridville, minitemple, roderic_serpentine_path
D:8:      minmay_the_grid_triangle_9x9_recursive_2
          [minmay_the_grid_triangle_9x9_prize_schism,
          minmay_the_grid_triangle_9x9_swiss_cheese,
          minmay_the_grid_triangle_9x9_windchime,
          minmay_the_grid_triangle_9x9_dagger], layout_loops_ring,
          blue_anna_alchemist [blue_anna_fruit_fields, blue_anna_fruit_fields],
          chequers_serial_rivers_micro_e, cheibrodos_worm_habitat,
          uniq_gastronok, uniq_erica
D:9:      layout_loops_ring, uniq_maggie
D:10:     layout_stronghold, minmay_door_square
Temple:   compressed_dpeg_circular_temple

Skill      XL: |  1  2  3  4  5  6  7  8  9 10 11 |
---------------+----------------------------------+-----
Unarmed Combat | 3 4 5 6 7 8 9 |  9.0
Stealth        | 1 2 3 4 5 6 7 8 |  8.3
Dodging        | 3 4 5 6 |  6.4
Throwing       | 2 3 4 5 |  5.6
Translocations | 4 5 6 |  6.6
Fighting       | 3 4 5 |  5.6
Charms         | 1 2 3 |  3.1
Invocations    | 2 3 4 5 |  5.1
Spellcasting   | 3 4 |  4.5

Action                   |  1- 3 |  4- 6 |  7- 9 | 10-12 || total
-------------------------+-------+-------+-------+-------++-------
Melee: Unarmed           |    88 |   159 |   281 |   222 ||   750
       Constrict         |    24 |    45 |    45 |    41 ||   155
       Tentacles         |    17 |    29 |    58 |    68 ||   172
       Punch             |       |     9 |    17 |    26 ||    52
Throw: Stone             |       |     5 |    44 |    59 ||   108
       Boomerang         |       |       |     5 |       ||     5
       Javelin           |       |       |     3 |     3 ||     6
       Throwing net      |       |       |     1 |       ||     1
       Dart              |       |       |       |     4 ||     4
 Cast: Shroud of Golubri |     4 |    17 |    48 |    47 ||   116
       Blink             |       |     5 |     5 |     6 ||    16
       Lesser Beckoning  |       |       |       |     9 ||     9
Invok: Bend Time         |       |       |       |     2 ||     2
  Use: Scroll            |       |    10 |     7 |     3 ||    20
       Potion            |       |       |     1 |     1 ||     2
 Stab: Sleeping          |     8 |     6 |    14 |    10 ||    38
       Invisible         |       |       |     2 |       ||     2
  Eat: Chunk             |     2 |     8 |    11 |     6 ||    27
       Ration            |       |     1 |       |       ||     1
Armor: Skin              |     6 |    17 |    11 |    12 ||    46
Dodge: Dodged            |    42 |   129 |   157 |   177 ||   505

Table legend:
 A = Non-vault XP
 B = Vault XP
 C = Vault XP percentage of total XP
 D = Non-vault monster count
 E = Vault monster count
 F = Vault count percentage of total count
                 A         B        C        D         E       F
            +---------+---------+-------+---------+---------+-------
      Total |    7335 |    4538 |  38.2 |     206 |      28 |  12.0
            +---------+---------+-------+---------+---------+-------
        D:1 |      24 |       0 |   0.0 |      14 |       0 |   0.0
        D:2 |      80 |       0 |   0.0 |      29 |       0 |   0.0
        D:3 |     126 |      83 |  39.7 |      15 |      10 |  40.0
        D:4 |     387 |       0 |   0.0 |      16 |       0 |   0.0
        D:5 |     201 |     290 |  59.1 |       4 |       5 |  55.6
        D:6 |    1475 |     244 |  14.2 |      35 |       3 |   7.9
        D:7 |     726 |       0 |   0.0 |      12 |       0 |   0.0
        D:8 |    2009 |    3523 |  63.7 |      43 |       9 |  17.3
        D:9 |    1309 |     398 |  23.3 |      25 |       1 |   3.8
       D:10 |     998 |       0 |   0.0 |      13 |       0 |   0.0
            +---------+---------+-------+---------+---------+-------
